 Dungeon Crawl Stone Soup version 0.29.1-15-g9cfb28693d (webtiles) character file.

Game seed: 11492319680705147736

61 dudediamond6 the Sneak (level 4, -1/27 HPs)
             Began as a Kobold Brigand on Feb 25, 2023.
             Slain by an adder (2 damage)
             ... on level 3 of the Dungeon.
             The game lasted 00:02:34 (2171 turns).

dudediamond6 the Sneak (Kobold Brigand)             Turns: 2171, Time: 00:02:34

Health: -1/27      AC:  3    Str:  8    XL:     4   Next: 27%
Magic:  4/4        EV: 14    Int: 12    God:
Gold:   100        SH:  0    Dex: 18    Spells: 3/3 levels left

rFire   . . .      SeeInvis .   a - +2 dagger
rCold   . . .      Faith    .   (no shield)
rNeg    . . .      Spirit   .   b - +0 robe
rPois   .          Reflect  .   (no helmet)
rElec   .          Harm     .   c - +0 cloak
rCorr   .          Rampage  .   (no gloves)
Will    .....                   (no boots)
Stlth   +++++.....              (no amulet)
HPRegen 0.09/turn               (no ring)
MPRegen 0.09/turn               (no ring)

@: lethally poisoned (-1 -> -7)
A: small, no large weapons, nightstalker 3
a: no special abilities


You were on level 3 of the Dungeon.
You visited 1 branch of the dungeon, and saw 3 of its levels.

You collected 100 gold pieces.

Inventory:

Hand Weapons
 a - a +2 dagger (weapon)
 h - a +0 short sword
Missiles
 d - 12 poisoned darts (quivered)
 e - 3 curare-tipped darts
 j - a throwing net
Armour
 b - a +0 robe (worn)
 c - a +0 cloak (worn)
Scrolls
 f - a scroll of amnesia {unknown}
 i - 3 scrolls of teleportation {unknown}
 k - a scroll of noise {unknown}
 m - a scroll of blinking {unknown}
 n - 2 scrolls of identify {unknown}
Potions
 g - a potion of degeneration {unknown}
 l - a potion of resistance {unknown}
 o - a potion of cancellation {unknown}
 p - 3 potions of berserk rage {unknown}
 q - a potion of might {unknown}


   Skills:
 * Level 2.7 Fighting
 * Level 3.8 Short Blades
 - Level 2.1 Throwing
 - Level 1.2 Dodging
 + Level 6.6 Stealth


You had 3 spell levels left.
You didn't know any spells.
Your spell library was empty.

Dungeon Overview and Level Annotations

Branches:
Dungeon (3/15)

Altars:

Annotations:
D:1 1 transporter


Innate Abilities, Weirdness & Mutations

You are small and have problems with some larger weapons.
You are completely attuned to the shadows.


Message History

The adder attacks as you move away! The adder bites you.
You are more poisoned.
The adder poisons you!
You feel very sick.
You feel sick. The adder attacks as you move away! The adder bites you.
You feel sick. The adder bites you but does no damage.
You feel sick.
You hit the adder.
The adder is heavily wounded.
The adder closely misses you.
You hit the adder.
The adder is severely wounded.
You feel sick. The adder bites you.
* * * LOW HITPOINT WARNING * * *
You closely miss the adder.
The adder is severely wounded.
You feel sick. The adder bites you but does no damage.
You barely miss the adder.
The adder is severely wounded.
You feel sick. The adder closely misses you.
You hit the adder.
You kill the adder!
You feel sick.
You are no longer poisoned.
The adder bites you but does no damage.
You closely miss the adder. The adder misses you.
You barely miss the adder. The adder barely misses you.
You hit the adder.
The adder is lightly wounded.
The adder bites you.
* * * LOW HITPOINT WARNING * * *
You are lethally poisoned!
The adder poisons you!
The rat twitches its whiskers.
You miss the adder.
The adder is lightly wounded.
* * * LOW HITPOINT WARNING * * *
You feel sick. The adder bites you.
You die...

...# #..# #..
##.##########
#....rKS@...#
#..########.#
....# #.#
#..... #.#
.$.... #.#
#.# #.#
.###.#
###....#


You could see an adder, a kobold and a rat.

Vanquished Creatures
  2 adders
  A worm (D:1)
  A dart slug (D:2)
  An orc (D:3)
  2 ball pythons (D:1)
  4 bats
  3 endoplasms
  3 giant cockroaches
  3 goblins (D:1)
  6 hobgoblins
  A quokka (D:1)
  2 frilled lizards
  3 kobolds
  3 rats (D:1)
35 creatures vanquished.

Notes
Turn   | Place    | Note
-------+----------+-------------------------------------------
     0 | D:1      | dudediamond6 the Kobold Brigand began the quest for the
                  | Orb.
     0 | D:1      | Reached XP level 1. HP: 12/12 MP: 1/1
   210 | D:1      | Reached XP level 2. HP: 12/18 MP: 2/2
   470 | D:1      | Reached skill level 6 in Stealth
   562 | D:1      | Reached XP level 3. HP: 22/22 MP: 3/3
   744 | D:1      | Found a faded altar of an unknown god.
  1883 | D:2      | Reached XP level 4. HP: 27/27 MP: 4/4
  2171 | D:3      | HP: 1/27 [poisoned by an adder]
  2171 | D:3      | Slain by an adder

Illustrated notes

Levels and vault maps discovered:
D:1:      spicycebolla_arrival_risky_transporter, layout_loops_ring,
          shapermc_ecumenical_altar_flowoftime, nicolae_wormholes
D:2:      layout_loops_ring, serial_glass, glass_columns_c, glass_columns_a
D:3:      layout_loops_ring, uniq_crazy_yiuf_cottage

Skill      XL: |  1  2 |
---------------+-------+-----
Short Blades   | 3 |  3.8
Stealth        | 6 |  6.6
Fighting       | |  2.7
Throwing       | |  2.1
Dodging        | |  1.2

Action                   |  1- 3 |  4- 6 || total
-------------------------+-------+-------++-------
Melee: Dagger            |    77 |    19 ||    96
 Stab: Sleeping          |    16 |       ||    16
Armor: Robe              |     9 |     6 ||    15
Dodge: Dodged            |    42 |    16 ||    58
